[Event "*** Titled Tuesday Blitz"]
[Site "Chess.com"]
[Date "2020.04.14"]
[Round "7"]
[White "KingCrusher275"]
[Black "FM_Deuteronomio32"]
[Result "0-1"]
[WhiteElo "2358"]
[BlackElo "2245"]
[TimeControl "180+1"]
[EndTime "11:13:36 PDT"]
[Termination "FM_Deuteronomio32 won by resignation"]

1. d4 Nf6 2. c4 g6 3. Nc3 d5 4.
cxd5 Nxd5 5. e4 Nxc3 6. bxc3 Bg7 7. Nf3 c5 8. Be3 Nc6 9. Be2 cxd4 10. cxd4 Qa5+ 11. Bd2 Qa3 12. d5 Nd4 13. Nxd4 Bxd4 14.
Rc1 O-O 15. O-O Qxa2 16. Bb4 Bf6 17. Rc2 Qa4 18. Qd2 Bd7 19. Ra2 Qb3 20. Rc1 Rfc8 21.
Rxc8+ Rxc8 22. Rxa7 Rc2 23. Qe1 Rb2 24. Bd2 Rb1 25. Bc1 Bb2 26. Ra8+ Kg7 27. Bd1 Rxc1 0-1

[Event "*** Titled Tuesday Blitz"]
[Site "Chess.com"]
[Date "2020.04.14"]
[Round "7"]
[White "IMTominho"]
[Black "Y0ung_Capablanca"]
[Result "0-1"]
[WhiteElo "2836"]
[BlackElo "2718"]
[TimeControl "180+1"]
[EndTime "11:13:37 PDT"]
[Termination "Y0ung_Capablanca won by resignation"]

1. d4 Nf6 2. c4 e6 3. Nf3 b6 4. g3 Bb7 5. Bg2 c5 6. d5 exd5 7. Ng5 h6 8. Nh3 b5 9. cxb5 Qb6 10.
O-O Be7 11. Nf4 d4 12. Bxb7 Qxb7 13. a4 O-O 14. e3 dxe3 15. Bxe3 d5 16. Re1 a6 17.
Na3 Rd8 18. Qf3 Nbd7 19. bxa6 Rxa6 20. Nb5 Ne5 21. Qg2 Nc4 22. b3 Nxe3 23. Rxe3 Qxb5 24. Rxe7 Qxb3 25. a5 Qc3 26. Rae1 Rxa5 27. Qh3 Ra1 28. Rxa1 Qxa1+ 29. Kg2 d4 30. Rxf7 Qa8+ 31. Kg1 Re8 32. Qf1 Kxf7 33. Qc4+ Nd5 34. Nxd5 Re1+ 35. Kg2 Re5 0-1

[Event "*** Titled Tuesday Blitz"]
[Site "Chess.com"]
[Date "2020.04.14"]
[Round "7"]
[White "AlexOstrovskiy"]
[Black "SPEEDSKATER"]
[Result "0-1"]
[WhiteElo "2655"]
[BlackElo "2828"]
[TimeControl "180+1"]
[EndTime "11:13:37 PDT"]
[Termination "SPEEDSKATER won on time"]

1. d4 d5 2. Bf4 Nf6 3. e3 Bg4 4.
f3 Bd7 5. Nc3 c5 6. dxc5 Qa5 7.
a3 Qxc5 8. Qd2 Nc6 9. b4 Qb6 10. b5 Na5 11. Be5 e6 12. Bd3 Rc8 13. Nge2 Bd6 14.
Na4 Bxe5 15. Nxb6 axb6 16. Nd4 Nc4 17. Bxc4 Rxc4 18. a4 Bd6 19. c3 O-O 20. O-O Rfc8 21. Ne2 e5 22. a5 bxa5 23. Rxa5 b6 24. Ra6 Bc5 25. Rfa1 g6 26. Ra8 Rxa8 27. Rxa8+ Kg7 28.
g4 h6 29. h4 Be6 30. g5 hxg5 31. hxg5 Nh7 32. Kf1 Nxg5 33. Ng1 Rh4 34. c4 Rxc4 35. Qh2 Rc1+ 36. Kf2 Nh3+ 0-1

[Event "*** Titled Tuesday Blitz"]
[Site "Chess.com"]
[Date "2020.04.14"]
[Round "7"]
[White "narutosmith"]
[Black "KinKaiser"]
[Result "1-0"]
[WhiteElo "2229"]
[BlackElo "2438"]
[TimeControl "180+1"]
[EndTime "11:13:37 PDT"]
[Termination "narutosmith won on time"]

1. c4 e5 2. Nc3 Nf6 3. Nf3 Qe7 4. d4 e4 5. Nd2 e3 6. fxe3 Ng4 7. Nd5 Qd8 8. Nf3 c6 9. Nc3 d5 10. cxd5 cxd5 11. e4 dxe4 12. Nxe4 Bb4+ 13. Nc3 O-O 14. e4 Re8 15. Bd3 Bf5 16. O-O Bxc3 17. bxc3 Bxe4 18. Bxe4 Rxe4 19. Ng5 Qd6 20. g3 Qh6 21. h3 Ne3 22. Nxe4 Nxd1 23. Bxh6 gxh6 24. Nf6+ Kg7 25. Raxd1 Nc6 26. Rde1 1-0

[Event "*** Titled Tuesday Blitz"]
[Site "Chess.com"]
[Date "2020.04.14"]
[Round "7"]
[White "Schandenfreude"]
[Black "realmadridtv"]
[Result "1-0"]
[WhiteElo "2494"]
[BlackElo "2299"]
[TimeControl "180+1"]
[EndTime "11:13:37 PDT"]
[Termination "Schandenfreude won by resignation"]

1. Nf3 Nf6 2. g3 g6 3. b3 Bg7 4. Bb2 O-O 5. Bg2 b6 6. O-O Bb7 7. c4 c5 8. d4 cxd4 9. Qxd4 Nc6 10. Qd1 d5 11. Nbd2 dxc4 12. Nxc4 Qxd1 13. Rfxd1 Rfd8 14.
Nfe5 Nxe5 15. Bxb7 Rxd1+ 16. Rxd1 Nxc4 17. Bxa8 Nxb2 18. Rd8+ Bf8 19. Rd2 Na4 20. bxa4 e6 21. Kg2 Kg7 22. Rc2 a5 23. Bf3 Bc5 24. Rd2 Ne8 25. Rd8 Nd6 26. e3 Nc4 27. Rd7 h5 28. Rb7 Nb2 29. Bc6 Kg8 30. Be8 f5 31. Bxg6 Nxa4 32.
Bf7+ 1-0

[Event "*** Titled Tuesday Blitz"]
[Site "Chess.com"]
[Date "2020.04.14"]
[Round "7"]
[White "Orest_Vovk"]
[Black "Willychess95"]
[Result "1-0"]
[WhiteElo "2513"]
[BlackElo "2638"]
[TimeControl "180+1"]
[EndTime "11:13:39 PDT"]
[Termination "Orest_Vovk won by resignation"]

1. g4 c6 2. Bg2 d5 3. h3 e5 4. d4 e4 5. c4 Bd6 6. Nc3 Ne7 7. Qb3 Bc7 8. Bg5 f6 9. Bd2 h5 10. g5 f5 11. h4 g6 12. Nh3 O-O 13.
Bf4 Kh7 14. e3 dxc4 15. Qxc4 Na6 16. Bxc7 Nxc7 17. Nf4 Ned5 18. Ncxd5 Nxd5 19. Nxd5 Be6 20. Qb3 Qd7 21. f4 exf3 22. Bxf3 Bxd5 23. Bxd5 cxd5 24.
O-O-O Rfe8 25. Kb1 Rac8 26. Rc1 Rc6 27. Rxc6 bxc6 28.
Rc1 Re6 29. Rc3 Qe7 30. a3 Kg7 31. Ka2 Kf7 32. Qb8 Rxe3 33. Rxc6 Qe8 34. Rc8 Qa4 35. Rf8+ Kg7 36. Rg8+ Kf7 37. Qf8+ Ke6 38. Rxg6+ Kd7 39. Rd6+ Kc7 40. Qd8+ Kb7 41. Rd7+ Ka6 42. Qc8+ Ka5 43. Rxa7+ Kb6 44. Rxa4 1-0

[Event "*** Titled Tuesday Blitz"]
[Site "Chess.com"]
[Date "2020.04.14"]
[Round "7"]
[White "NiranjanNavalgund"]
[Black "Semen_Khanin"]
[Result "0-1"]
[WhiteElo "2434"]
[BlackElo "2612"]
[TimeControl "180+1"]
[EndTime "11:13:39 PDT"]
[Termination "Semen_Khanin won by checkmate"]

1. d4 Nf6 2. c4 e6 3. g3 d5 4. Bg2 Bb4+ 5. Nd2 O-O 6. Nf3 c6 7. O-O Nbd7 8. Qc2 b6 9. e4 Ba6 10. e5 Ne8 11. a3 Be7 12. cxd5 Bxf1 13. Nxf1 cxd5 14. h4 Rc8 15. Qd1 Qc7 16. Ne3 f6 17. exf6 Nexf6 18. Bd2 Ne4 19. Be1 Bd6 20. Ng5 Nxg5 21.
hxg5 b5 22. Qg4 Rce8 23. Bf1 a6 24. Bd3 g6 25. Kg2 Nb6 26. f4 Nc4 27. Bf2 Nxb2 28. Be2 Qc3 29. Rh1 Rf7 30. Qh4 Qd2 31. Ng4 Qxe2 32.
Nh6+ Kf8 33. Nxf7 Nd3 34. Nxd6 Qxf2+ 35. Kh3 Qf3 36. Rh2 Re7 37. Qh6+ Kg8 38. Qh4 a5 39.
Rc2 Qh1+ 40. Rh2 Nf2# 0-1

[Event "*** Titled Tuesday Blitz"]
[Site "Chess.com"]
[Date "2020.04.14"]
[Round "7"]
[White "goofypenguin96"]
[Black "muthaiahchess"]
[Result "0-1"]
[WhiteElo "2095"]
[BlackElo "2382"]
[TimeControl "180+1"]
[EndTime "11:13:39 PDT"]
[Termination "muthaiahchess won on time"]

1. e4 c6 2. d4 d5 3. Nc3 dxe4 4.
Nxe4 Bf5 5. Nc5 Nd7 6. Nxb7 Qb6 7. Nc5 Nxc5 8. dxc5 Qxc5 9. c3 Nf6 10. Be3 Qa5 11.
Nf3 e6 12. Bc4 Be7 13. O-O O-O 14. Qe2 c5 15. Ne5 Qc7 16. Nd3 Rab8 17. b3 Nd5 18. Bxd5 exd5 19. Bf4 Bxd3 20. Bxc7 Bxe2 21. Bxb8 Bxf1 22.
Bxa7 Bd3 23. Re1 Bd6 24. Bb6 h5 25. Rd1 c4 26. bxc4 dxc4 27. a4 Rc8 28. a5 Bc5 29.
Bxc5 Rxc5 30. Ra1 Rc7 31. a6 Ra7 32. f3 Bf5 33. Kf2 Bc8 34. Ke3 Rxa6 35. Rd1 Re6+ 0-1

[Event "*** Titled Tuesday Blitz"]
[Site "Chess.com"]
[Date "2020.04.14"]
[Round "7"]
[White "j2806"]
[Black "AlexandraSamaganova"]
[Result "0-1"]
[WhiteElo "1994"]
[BlackElo "2150"]
[TimeControl "180+1"]
[EndTime "11:13:39 PDT"]
[Termination "AlexandraSamaganova won on time"]

1. e4 c5 2. Nf3 e6 3. d4 cxd4 4. Nxd4 a6 5. Nc3 Qc7 6. Be3 Nf6 7. f3 b5 8. Qd2 Bb7 9. O-O-O d5 10. exd5 Nxd5 11.
Nxd5 Bxd5 12. Kb1 Be7 13. f4 O-O 14. f5 e5 15. Nxb5 Bxa2+ 16. Kxa2 axb5+ 17. Kb1 b4 18. Qd5 Ra5 19. Qc4 Qb7 20. Rg1 Qa8 21. c3 Ra1+ 22.
Kc2 Rxd1 23. Kxd1 Rd8+ 24. Kc2 bxc3 25. bxc3 Nc6 26. Bd3 h6 27. Rb1 Na5 28. Qg4 Qd5 29.
Qe4 Qa2+ 30. Rb2 Qa3 31. Qg4 Rc8 32. Bd2 Bf6 33. Rb3 Qxb3+ 34. Kc1 Qa3+ 35. Kd1 Nb3 0-1

[Event "*** Titled Tuesday Blitz"]
[Site "Chess.com"]
[Date "2020.04.14"]
[Round "7"]
[White "lelya96"]
[Black "DucksParadise"]
[Result "0-1"]
[WhiteElo "2235"]
[BlackElo "2111"]
[TimeControl "180+1"]
[EndTime "11:13:40 PDT"]
[Termination "DucksParadise won on time"]

1. e4 c5 2. Nf3 d6 3. d4 cxd4 4. Nxd4 Nf6 5. Nc3 a6 6. Be2 e6 7. O-O Be7 8. Kh1 O-O 9. f4 Nc6 10. Be3 Nxd4 11. Bxd4 e5 12. Be3 Bd7 13. Qe1 Bc6 14.
Bd3 d5 15. exd5 Nxd5 16. fxe5 Nxc3 17. bxc3 Qd5 18. Qf2 b5 19. Rad1 Qxe5 20. Bd4 Qh5 21. Qg1 Bd6 22. Rf5 Qh6 23. Be3 Qh4 24. Rdf1 Rae8 25.
Bg5 Qg4 26. Bc1 g6 27. Rg5 Qd7 28. Qd4 Qe6 29. c4 Be5 0-1

[Event "*** Titled Tuesday Blitz"]
[Site "Chess.com"]
[Date "2020.04.14"]
[Round "7"]
[White "KetiTsatsalashvili"]
[Black "Gandrade2"]
[Result "1-0"]
[WhiteElo "2227"]
[BlackElo "1998"]
[TimeControl "180+1"]
[EndTime "11:13:40 PDT"]
[Termination "KetiTsatsalashvili won on time"]

1. d4 d5 2. Nf3 Nf6 3. Bf4 c5 4. c3 Nc6 5. e3 Qb6 6. Qc1 Bf5 7. Nbd2 e6 8. Nh4 Bg4 9. h3 Bh5 10. g4 Bg6 11. Nxg6 hxg6 12. Bg2 Be7 13. O-O Rc8 14. Nf3 cxd4 15. exd4 O-O 16. Qc2 Nxd4 17. Nxd4 Qxd4 18. Be3 Qc4 19. Bxa7 Ra8 20. Bd4 Rxa2 21. Rxa2 Qxa2 22. Re1 Bd6 23. Bf3 Rc8 24. Bxf6 gxf6 25. Rxe6 fxe6 26.
Qxg6+ Kh8 27. Qxf6+ Kg8 28. Qxe6+ Kg7 29. Qxc8 Qb1+ 30.
Kg2 Qg6 31. Qxb7+ 1-0

[Event "*** Titled Tuesday Blitz"]
[Site "Chess.com"]
[Date "2020.04.14"]
[Round "7"]
[White "MiroVlasenko"]
[Black "GM_RobertoMogranzini"]
[Result "0-1"]
[WhiteElo "2659"]
[BlackElo "2533"]
[TimeControl "180+1"]
[EndTime "11:13:41 PDT"]
[Termination "GM_RobertoMogranzini won by resignation"]

1. e4 d5 2. exd5 Qxd5 3. Nc3 Qd8 4. Nf3 Nf6 5. Bc4 a6 6. O-O b5 7. Bb3 c5 8. d3 e6 9. a4 b4 10. Ne4 Nxe4 11. dxe4 Qxd1 12. Rxd1 Nc6 13. a5 Bb7 14. Ba4 Rc8 15. Ne5 f6 16. Rd7 Ba8 17. Ra7 fxe5 18.
Rxa8 Rxa8 19. Bxc6+ Kd8 20. Bxa8 Kc7 21. Bg5 Bd6 22.
Bd5 exd5 23. exd5 e4 24. Re1 Be5 25. Rxe4 Kd6 26. b3 Kxd5 27. f3 h6 28. Be3 Rc8 29. Kf1 g5 30. Ke2 c4 31. bxc4+ Rxc4 32. Rxc4 Kxc4 33. Bb6 Bxh2 34. Bd8 Bf4 35. g4 Kc3 36. Kd1 Kc4 37. Bf6 Kb5 38. Bg7 Kxa5 39. Bxh6 Kb5 40.
Bg7 a5 41. Bf6 a4 42. Ke2 Kc4 43. Kd1 a3 44. Ke2 a2 45. Kd1 Be3 0-1

[Event "*** Titled Tuesday Blitz"]
[Site "Chess.com"]
[Date "2020.04.14"]
[Round "7"]
[White "SahaNeelash"]
[Black "eljanov"]
[Result "1/2-1/2"]
[WhiteElo "2561"]
[BlackElo "2795"]
[TimeControl "180+1"]
[EndTime "11:13:41 PDT"]
[Termination "Game drawn by repetition"]

1. d4 Nf6 2. Bg5 e6 3. Nd2 h6 4. Bh4 d5 5. e3 c5 6. c3 Nc6 7. Ngf3 Be7 8. Ne5 Nxe5 9. dxe5 Nd7 10. Bxe7 Qxe7 11. f4 O-O 12. Bd3 f6 13. Nf3 fxe5 14.
fxe5 b6 15. O-O Bb7 16. Bb1 g5 17. Qd3 Qg7 18. Bc2 g4 19. Nh4 Nxe5 20. Qe2 Qg5 21.
g3 Rxf1+ 22. Rxf1 Rf8 23. Rf4 h5 24. Bb1 Qg7 25. Qc2 Rxf4 26. exf4 Nf3+ 27. Nxf3 gxf3 28. Kf2 d4 29. Qd3 Bd5 30. c4 Bc6 31. Qg6 Qxg6 32.
Bxg6 h4 33. Bh5 hxg3+ 34. hxg3 Kg7 35. Bxf3 Bxf3 36. Kxf3 Kf6 37. g4 e5 38. f5 d3 39. Ke3 e4 40. Kd2 Ke5 41. Ke3 Kf6 42. Kd2 a6 43. a4 a5 44. Ke3 Ke5 45. b3 Kf6 46. Kd2 Kg5 47. Ke3 Kf6 48. Kd2 Ke5 49.
Ke3 Kf6 1/2-1/2

[Event "*** Titled Tuesday Blitz"]
[Site "Chess.com"]
[Date "2020.04.14"]
[Round "7"]
[White "trickytock"]
[Black "Filip_Covic"]
[Result "1-0"]
[WhiteElo "2516"]
[BlackElo "2314"]
[TimeControl "180+1"]
[EndTime "11:13:41 PDT"]
[Termination "trickytock won by resignation"]

1. e4 c5 2. Nf3 Nc6 3. Nc3 g6 4. d4 cxd4 5. Nxd4 Bg7 6. Be3 Nf6 7. Bc4 O-O 8. Bb3 d6 9. f3 Bd7 10. Qd2 Nxd4 11. Bxd4 b5 12. h4 a5 13. a4 bxa4 14. Bxa4 Bxa4 15. Rxa4 Qd7 16. h5 d5 17. hxg6 fxg6 18. Bxf6 Bxf6 19. Qxd5+ Qxd5 20. Nxd5 Bxb2 21. Nxe7+ Kg7 22. Ke2 Bc3 23. Nd5 Rac8 24. Rb1 Bb4 25. Kd3 Rfd8 26. Rb3 Ra8 27. c3 Bd6 28. Rb5 Be5 29.
Raxa5 Rac8 30. Rc5 Rb8 31. f4 Bd6 32. Rcb5 Rxb5 33.
Rxb5 Bxf4 34. Rb7+ Kh6 35. Kd4 g5 36. c4 Kg6 37. c5 h5 38. c6 h4 39. c7 Rc8 40.
Ne7+ 1-0

[Event "*** Titled Tuesday Blitz"]
[Site "Chess.com"]
[Date "2020.04.14"]
[Round "7"]
[White "indfraeng"]
[Black "steepedgames"]
[Result "0-1"]
[WhiteElo "2250"]
[BlackElo "2432"]
[TimeControl "180+1"]
[EndTime "11:13:41 PDT"]
[Termination "steepedgames won by checkmate"]

1. d4 f5 2. Nc3 Nf6 3. Bg5 d5 4. Bxf6 exf6 5. e3 c6 6. Bd3 Bd6 7. Qf3 g6 8. Nge2 Na6 9. a3 b5 10. Nxb5 cxb5 11. Bxb5+ Ke7 12. Qxd5 Be6 13. Qb7+ Nc7 14.
c4 a6 15. Ba4 Rb8 16. Qf3 Bxc4 17. O-O Rxb2 18. Ng3 Bxf1 19. Rxf1 Bxg3 20. hxg3 Qd5 21.
Qf4 Ne6 22. Qh4 h5 23. Rc1 g5 24.
Qh3 g4 25. Qh4 Ng5 26. Rc7+ Kd8 27. Rc5 Qe4 28. Bc6 Qb1+ 29. Kh2 Rc2 30. Rd5+ Kc7 31. Bd7 Rc1 32. Rc5+ Rxc5 33. dxc5 Kxd7 34. c6+ Kxc6 35. a4 Qe4 36. f4 Qxe3 37. a5 Qd2 38. Kh1 Kd5 39. Kh2 Ke4 40. Kh1 Rh7 41. Kh2 Nf3+ 42.
Kh1 Qe1# 0-1

[Event "*** Titled Tuesday Blitz"]
[Site "Chess.com"]
[Date "2020.04.14"]
[Round "7"]
[White "Taran2004"]
[Black "Eloist"]
[Result "0-1"]
[WhiteElo "1992"]
[BlackElo "2261"]
[TimeControl "180+1"]
[EndTime "11:13:41 PDT"]
[Termination "Eloist won by resignation"]

1. e4 e6 2. d4 d5 3. Nd2 Nf6 4. e5 Nfd7 5. Bd3 c5 6. c3 b6 7. Ne2 Ba6 8. Bxa6 Nxa6 9. O-O b5 10. f4 Qb6 11. Nf3 g6 12. Be3 c4 13. g4 h5 14. h3 hxg4 15. hxg4 Nc7 16. Qe1 O-O-O 17. a4 b4 18. a5 Qb5 19. Nd2 b3 20. Qg3 Be7 21. Kg2 Kb7 22. Rh1 Rxh1 23. Kxh1 Rh8+ 24. Kg2 Nb8 25. f5 Nc6 26. f6 Bf8 27. Nf4 Nxa5 28. Nf3 Nc6 29. Ng5 Nd8 30. Nfh3 a5 31. Qf2 a4 32. Bc1 Kb6 33. Ra3 Na6 34. Ra1 Nc7 35. Nf4 Kb7 36. Kg3 Qa6 37. Nxf7 Nxf7 38. Nxg6 Rg8 39.
Nxf8 Rxf8 40. g5 Rg8 41. Kg4 Nh6+ 42. Kh5 Nf5 43. g6 Qa8 44. g7 Qe8+ 45. Kg5 Nxg7 46. fxg7 Rxg7+ 47. Kh4 Qh8+ 0-1

[Event "*** Titled Tuesday Blitz"]
[Site "Chess.com"]
[Date "2020.04.14"]
[Round "7"]
[White "davidkalashian"]
[Black "sganerdene"]
[Result "0-1"]
[WhiteElo "2507"]
[BlackElo "2670"]
[TimeControl "180+1"]
[EndTime "11:13:43 PDT"]
[Termination "sganerdene won by checkmate"]

1. e4 c5 2. Nc3 e6 3. Nf3 Nc6 4. Bb5 Nd4 5. O-O Nxb5 6. Nxb5 a6 7. Nc3 b5 8. d4 cxd4 9. Nxd4 d6 10. Re1 Nf6 11. Bg5 Bb7 12. Qf3 Be7 13. Rad1 O-O 14.
Qd3 Qc7 15. a3 Rac8 16. Qg3 Kh8 17. Kh1 h6 18. Bc1 Qc5 19. f4 Qh5 20. f5 e5 21.
Nb3 Rxc3 22. Qxc3 Nxe4 23. Qe3 Bg5 24. Qb6 Ba8 25. Bxg5 Qxg5 26. Qg1 Qxf5 27. Rf1 Qh5 28.
Qe3 Qg4 29. Qg1 f5 30. Nd2 Ng5 31. Qf2 f4 32. Nf3 Nxf3 33. gxf3 Qh5 34. Rxd6 e4 35. fxe4 Bxe4+ 36. Kg1 Qg4+ 37. Qg2 Qxg2# 0-1

[Event "*** Titled Tuesday Blitz"]
[Site "Chess.com"]
[Date "2020.04.14"]
[Round "7"]
[White "DonPreuss"]
[Black "Andrii_Prydun"]
[Result "0-1"]
[WhiteElo "2179"]
[BlackElo "2348"]
[TimeControl "180+1"]
[EndTime "11:13:44 PDT"]
[Termination "Andrii_Prydun won on time"]

1. d4 c6 2. e4 d5 3. Nc3 dxe4 4. f3 Nd7 5. Bc4 Ngf6 6. fxe4 e5 7. dxe5 Nxe5 8.
Qxd8+ Kxd8 9. Bb3 Bd6 10. Bg5 Kc7 11. O-O-O Bg4 12. Rd2 Rhe8 13. h3 Bh5 14. Bxf6 gxf6 15. g4 Bg6 16. Nge2 Bc5 17. Nd4 Rad8 18. Rhd1 Bb4 19.
Nf5 Rxd2 20. Rxd2 Bxf5 21. exf5 h5 22. Re2 hxg4 23. hxg4 Rg8 24. Ne4 Rxg4 25. c3 Be7 26. a3 Rf4 27. Ng3 Rf3 28. Rg2 Nd3+ 29. Kc2 Nf4 30. Rg1 Bc5 31. Rf1 Rxf1 32. Nxf1 Kd6 33.
Bxf7 Ke5 34. Ng3 Bf2 35. Nh5 Nd5 36. Ng7 Ne7 37. Be6 Be3 38. Kd3 Bh6 39. Ne8 Bf8 40. Nc7 Nxf5 41. Bc8 Nd6 42. Bh3 f5 43. b3 Be7 44. c4 Bd8 45. Na8 f4 46. Bg2 Nf5 47.
a4 a5 48. c5 Nh4 0-1

[Event "*** Titled Tuesday Blitz"]
[Site "Chess.com"]
[Date "2020.04.14"]
[Round "7"]
[White "Zavgorodniy_Serg"]
[Black "almo64"]
[Result "1-0"]
[WhiteElo "2754"]
[BlackElo "2825"]
[TimeControl "180+1"]
[EndTime "11:13:45 PDT"]
[Termination "Zavgorodniy_Serg won by resignation"]

1. e4 c5 2. Nf3 d6 3. c3 Nf6 4. Bc4 g6 5. e5 dxe5 6. Nxe5 e6 7. d4 Bg7 8. O-O O-O 9. Re1 cxd4 10. cxd4 Nc6 11.
Nxc6 bxc6 12. Nc3 Qc7 13. Be3 Nd5 14. Bxd5 cxd5 15. Qd2 Rb8 16. b3 Qa5 17. Rac1 Bd7 18.
Bf4 Rbc8 19. Bd6 Rfe8 20. Bc5 Rxc5 21. dxc5 Rc8 22. Ne4 Qxd2 23. Nxd2 a5 24. Rc2 Bb5 25. Nf3 Bd3 26. Rd2 Be4 27. Nd4 Rxc5 28. f3 Bh6 29. Rdd1 Bc2 30. Rc1 e5 31. Rxc2 Rxc2 32. Nxc2 1-0

[Event "*** Titled Tuesday Blitz"]
[Site "Chess.com"]
[Date "2020.04.14"]
[Round "7"]
[White "cancrushyou"]
[Black "mirciulica14"]
[Result "0-1"]
[WhiteElo "2429"]
[BlackElo "2610"]
[TimeControl "180+1"]
[EndTime "11:13:45 PDT"]
[Termination "mirciulica14 won on time"]

1. d4 Nf6 2. c4 e6 3. g3 Bb4+ 4. Bd2 a5 5. Bg2 O-O 6. Nf3 b6 7. O-O Bb7 8. Nc3 d6 9. a3 Bxc3 10. Bxc3 Nbd7 11. b4 axb4 12. axb4 Qe7 13. Qb3 Be4 14.
Rxa8 Rxa8 15. Ra1 Qe8 16. Qb2 c6 17. b5 cxb5 18. Qxb5 Rxa1+ 19. Bxa1 Qa8 20. Bc3 Bc6 21. Qb4 Ne4 22. Nd2 Nxc3 23. Bxc6 Nxe2+ 24. Kf1 Qxc6 25. Kxe2 g6 26. f3 d5 27. Kd3 Kg7 28. Ke3 dxc4 29.
Nxc4 Nf6 30. Qb3 Nd5+ 31. Kf2 b5 32. Ne5 Qb6 33. Qb2 b4 34. Ke2 Qb5+ 35. Nd3 Qc4 36. Kd2 h5 37. Ne5 Qf1 0-1

[Event "*** Titled Tuesday Blitz"]
[Site "Chess.com"]
[Date "2020.04.14"]
[Round "7"]
[White "mrkvoz"]
[Black "OhanyanEminChess"]
[Result "1-0"]
[WhiteElo "2779"]
[BlackElo "2545"]
[TimeControl "180+1"]
[EndTime "11:13:46 PDT"]
[Termination "mrkvoz won on time"]

1. e4 e5 2. Nf3 Nc6 3. d4 exd4 4. Nxd4 Nf6 5. Nxc6 bxc6 6. Bd3 d5 7. exd5 cxd5 8. O-O Be7 9. c4 O-O 10. cxd5 Nxd5 11.
Qf3 Be6 12. Rd1 c6 13. Nc3 Qb6 14. Be4 Rad8 15. Nxd5 cxd5 16. Bd3 Bf6 17. Rb1 Rfe8 18. Bd2 Bd4 19. a4 g6 20. Bb5 Bd7 21. Bg5 f6 22.
Qxd5+ Be6 23. Qc6 fxg5 24. Qxb6 Bxb6 25. Bxe8 Rxe8 26. b4 Rf8 27. Rd2 Rb8 28. Re1 Kf7 29. Rde2 Re8 30. a5 Bd4 31. Rc2 Kf6 32. Rc6 Re7 33. Re4 1-0

[Event "*** Titled Tuesday Blitz"]
[Site "Chess.com"]
[Date "2020.04.14"]
[Round "7"]
[White "cukus"]
[Black "Vuk2000"]
[Result "1-0"]
[WhiteElo "2451"]
[BlackElo "2613"]
[TimeControl "180+1"]
[EndTime "11:13:47 PDT"]
[Termination "cukus won on time"]

1. e4 e6 2. d4 d5 3. Nc3 Bb4 4. e5 c5 5. a3 Bxc3+ 6. bxc3 Ne7 7. Qg4 Qc7 8. Bd3 c4 9. Be2 Nf5 10. Bd1 Nc6 11. Ne2 Bd7 12. a4 Nce7 13. a5 h5 14. Qg5 h4 15. O-O Nc6 16. Nf4 Qd8 17. Qg4 g6 18. Ba3 Nxa5 19. Rb1 b5 20. Bf3 Rb8 21.
Rfe1 Bc6 22. Ra1 Nb7 23. Nh3 a5 24. Ng5 Qd7 25. Qf4 Nd8 26. Bg4 b4 27. cxb4 axb4 28. Bxf5 gxf5 29. Rab1 Ba4 30. Bxb4 Bxc2 31. Nh7 Rxh7 32.
Qg5 1-0

[Event "*** Titled Tuesday Blitz"]
[Site "Chess.com"]
[Date "2020.04.14"]
[Round "7"]
[White "albi1999"]
[Black "TheBigBoss04"]
[Result "0-1"]
[WhiteElo "2588"]
[BlackElo "2767"]
[TimeControl "180+1"]
[EndTime "11:13:48 PDT"]
[Termination "TheBigBoss04 won by resignation"]

1. d4 Nf6 2. c4 e6 3. Nf3 d5 4. g3 Bb4+ 5. Bd2 Be7 6. Bg2 c6 7. O-O O-O 8. Qc2 Nbd7 9. Rd1 b6 10. b3 Bb7 11. Nc3 Rc8 12. e4 dxc4 13. bxc4 c5 14.
d5 exd5 15. cxd5 Bd6 16. Nh4 c4 17. Nf5 Bc5 18. h3 Ne5 19. Be3 Nd3 20. Bxc5 Rxc5 21.
Qd2 g6 22. Ne3 Re8 23. f3 b5 24. Ne2 Rc8 25. Nc1 Nc5 26. Qd4 Qd6 27. Kh2 h5 28. h4 Rcd8 29. Ne2 a5 30. a4 Nb3 31. Qc3 Nxa1 32. Rxa1 b4 33. Qd4 Bxd5 34. exd5 Nxd5 35. Nxd5 Qxd5 36. Qxd5 Rxd5 37. Nf4 Rd2 38. Rc1 c3 39.
Kg1 c2 0-1

[Event "*** Titled Tuesday Blitz"]
[Site "Chess.com"]
[Date "2020.04.14"]
[Round "7"]
[White "shyam"]
[Black "ehrenfeld"]
[Result "1-0"]
[WhiteElo "2634"]
[BlackElo "2471"]
[TimeControl "180+1"]
[EndTime "11:13:48 PDT"]
[Termination "shyam won by resignation"]

1. e4 e5 2. Nf3 Nc6 3. Bb5 a6 4. Ba4 Nf6 5. Qe2 Be7 6. O-O O-O 7. c3 b5 8. Bc2 d5 9. d3 h6 10. Rd1 Bb7 11. Nbd2 Re8 12. Nf1 Bf8 13. Ng3 g6 14.
h3 Bg7 15. a4 Qd7 16. exd5 Nxd5 17. Ne4 Nf4 18. Qf1 Qf5 19. Nc5 Bc8 20. axb5 Nxh3+ 21. gxh3 Qxf3 22. Qg2 Qxg2+ 23. Kxg2 Nb8 24. Be3 a5 25. b4 a4 26. Rxa4 Rxa4 27. Bxa4 Rd8 28. Bb3 Rd6 29. Ra1 Rd8 30. Ra8 Bf5 31. Na6 Nc6 32. Rxd8+ Nxd8 33. Bc4 c6 34. b6 e4 35. d4 Bc8 36. Nc5 Kf8 37. Bf4 Ke7 38. Bc7 Nb7 39.
Ba6 Nxc5 40. Bxc8 Ne6 1-0

[Event "*** Titled Tuesday Blitz"]
[Site "Chess.com"]
[Date "2020.04.14"]
[Round "7"]
[White "anon219"]
[Black "Muguet7"]
[Result "1-0"]
[WhiteElo "2799"]
[BlackElo "2463"]
[TimeControl "180+1"]
[EndTime "11:13:48 PDT"]
[Termination "anon219 won by resignation"]

1. e4 c5 2. Nf3 d6 3. d4 cxd4 4.
Qxd4 Nc6 5. Bb5 Bd7 6. Bxc6 Bxc6 7. Nc3 e5 8. Qd3 h6 9. O-O Nf6 10. Nd2 Be7 11. Nc4 O-O 12. Rd1 Rc8 13. a4 Qc7 14.
Ne3 Rfd8 15. Bd2 b6 16. Be1 Qb7 17. Ncd5 Nxd5 18. exd5 Bd7 19. c4 Bg5 20. b3 g6 21.
Ra2 f5 22. Bd2 Kh7 23. g3 f4 24. Ng2 Bf5 25. Qe2 fxg3 26. hxg3 Qe7 27. Bxg5 Qxg5 28. Ne3 Bd7 29. a5 Rc7 30. axb6 axb6 31. Rda1 h5 32. Ra7 Rdc8 33. Qf3 Qe7 34. Rxc7 Rxc7 35. Ra8 Rc8 36. Ra7 Rd8 37. Ng2 e4 38. Qf4 g5 39. Qe3 Kg6 40. Qxb6 Rf8 41. c5 e3 42. Nxe3 h4 43. Qxd6+ Qxd6 44. cxd6 Rf7 45. Nc4 hxg3 46. fxg3 Kf6 47.
Nb6 Bf5 48. Rxf7+ Kxf7 49. Kf2 Be4 50. Ke3 Bc2 51. b4 Kf6 52. Kd4 Kf7 53. Ke5 g4 54. Nd7 1-0

[Event "*** Titled Tuesday Blitz"]
[Site "Chess.com"]
[Date "2020.04.14"]
[Round "7"]
[White "Colombiano07"]
[Black "malandragem"]
[Result "0-1"]
[WhiteElo "2308"]
[BlackElo "2514"]
[TimeControl "180+1"]
[EndTime "11:13:48 PDT"]
[Termination "malandragem won by checkmate"]

1. c4 c5 2. e3 e6 3. Ne2 d5 4. cxd5 exd5 5. g3 Nc6 6. Bg2 Nf6 7. d4 h5 8. h3 Bf5 9. Nbc3 Qd7 10. dxc5 O-O-O 11. Nd4 Bxc5 12. Nxf5 Qxf5 13. Qa4 d4 14. Bxc6 dxe3 15. O-O Qxh3 16. Bg2 exf2+ 17. Rxf2 Qxg3 18. Qf4 Bxf2+ 19. Qxf2 Qxf2+ 20. Kxf2 Ng4+ 21. Kg1 f6 22. Bf4 g5 23. Bg3 h4 24. Bh3 f5 25. Bxg4 fxg4 26.
Be5 Rhf8 27. Rc1 b6 28. Nb5+ Kb7 29. Rc7+ Ka6 30. a4 Rd1+ 31. Kg2 h3+ 32. Kh2 Rf2+ 33. Kg3 Rg2# 0-1

[Event "*** Titled Tuesday Blitz"]
[Site "Chess.com"]
[Date "2020.04.14"]
[Round "7"]
[White "GukeshDommaraju"]
[Black "gmjoey1"]
[Result "1-0"]
[WhiteElo "2704"]
[BlackElo "2560"]
[TimeControl "180+1"]
[EndTime "11:13:49 PDT"]
[Termination "GukeshDommaraju won on time"]

1. e4 c6 2. d4 d5 3. Nc3 dxe4 4. Nxe4 Nf6 5. Nxf6+ exf6 6. c3 Bd6 7. Bd3 O-O 8. Qc2 Re8+ 9. Ne2 g6 10. h4 Nd7 11.
h5 Nf8 12. hxg6 fxg6 13. Bh6 Qc7 14. O-O-O Be6 15. g3 Qf7 16. Nf4 Bxf4+ 17. Bxf4 b5 18. b3 a5 19. Kb2 a4 20. Bd6 Nd7 21. Rh6 f5 22. g4 axb3 23. axb3 Nb6 24. gxf5 Qa7 25.
fxe6 Rxe6 26. Bc5 b4 27. Bxb4 Nd5 28. Bc4 Nxb4 29. Bxe6+ Kg7 30. cxb4 Kxh6 31. Kc3 Rf8 32. Bc4 Rf3+ 33. Kb2 1-0